 Seeded DCSS version 0.27.1-15-g792fb953b9 (webtiles) character file.

Game seed: 20211117 (custom seed)

58 jessy the Skirmisher (level 3, -3/29 HPs)
             Began as a Demonspawn Berserker on Nov 17, 2021.
             Was a Believer of Trog.
             Slain by a gnoll (4 damage)
             ... on level 2 of the Dungeon on Nov 18, 2021.
             The game lasted 00:09:15 (2033 turns).

jessy the Skirmisher (Demonspawn Berserker)         Turns: 2033, Time: 00:09:16

Health: -3/29      AC:  7    Str: 17    XL:     3   Next: 76%
Magic:  3/3        EV: 10    Int:  8    God:    Trog [**....]
Gold:   36         SH:  0    Dex: 13    Spells: 2/2 levels left

rFire    . . .     SeeInvis +   p - +0 trident
rCold    . . .     Faith    .   (no shield)
rNeg     . . .     Spirit   .   x - +0 scale mail
rPois    .         Reflect  .   (helmet restricted)
rElec    .         Harm     .   (no cloak)
rCorr    .         Rampage  .   (no gloves)
Will     .....                  r - +0 pair of boots
Stlth    ..........             (no amulet)
HPRegen  0.09/turn              s - ring of see invisible
MPRegen  0.08/turn              (no ring)

@: no status effects
A: horns 1, powered by pain 1
a: Renounce Religion, Berserk, Trog's Hand


You were on level 2 of the Dungeon.
You worshipped Trog.
Trog was pleased with you.
You visited 1 branch of the dungeon, and saw 2 of its levels.

You collected 36 gold pieces.

Inventory:

Hand Weapons
 a - a +0 mace
 i - a +1 dagger of flaming
 m - a +0 spear
 p - a +0 trident (weapon)
Missiles
 d - 37 stones
 f - 18 poisoned darts
 q - 30 sling bullets
 u - 4 boomerangs (quivered)
Armour
 b - a +0 animal skin
 e - a +1 ring mail
 r - a +0 pair of boots (worn)
 x - a +0 scale mail (worn)
Jewellery
 s - a ring of see invisible (left hand)
Scrolls
 g - 2 scrolls of fear {unknown}
 h - a scroll of torment {unknown}
 l - a scroll of magic mapping {unknown}
 n - a scroll of teleportation {unknown}
 o - a scroll of immolation {unknown}
 w - a scroll of acquirement {unknown}
Potions
 c - a potion of haste {unknown}
 j - 2 potions of lignification {unknown}
 k - a potion of attraction {unknown}
 t - a potion of flight {unknown}
 v - a potion of invisibility {unknown}


   Skills:
 + Level 3.4 Fighting
 + Level 3.4 Maces & Flails
 + Level 0.3 Polearms
 + Level 2.2 Armour
 + Level 2.0 Dodging
 + Level 0.2 Stealth


You had 2 spell levels left.
You didn't know any spells.
Your spell library was empty.

Dungeon Overview and Level Annotations

Branches:
Dungeon (2/15)

Altars:
Ru


Innate Abilities, Weirdness & Mutations

You have a pair of small horns on your head.
You sometimes gain a little power by taking damage.


Message History

Found a scale mail.
Found a stone staircase leading up.
w - a scroll labelled BUAM OSKASTREI You see here a +0 scale mail.
x - a +0 scale mail You start removing your armour.
You continue taking off your +1 ring mail. x4
You finish taking off your +1 ring mail.
You start putting on your armour.
You continue putting on your +0 scale mail. x5
You finish putting on your +0 scale mail. 3 gnolls come into view.
The gnoll shouts! x2
The gnoll hits you with a +0 club.
You hit the gnoll. You headbutt the gnoll.
The gnoll is heavily wounded.
The gnoll barely misses you. The gnoll closely misses you.
You puncture the gnoll! Your headbutt misses the gnoll.
The gnoll is severely wounded.
The gnoll closely misses you. The gnoll hits you with a +0 whip.
You hit the gnoll. Your headbutt misses the gnoll.
The gnoll is severely wounded.
The gnoll hits you with a +0 club. The gnoll barely misses you.
You completely miss the gnoll. Your headbutt misses the gnoll.
The gnoll is severely wounded.
The gnoll hits you with a +0 club.
You closely miss the gnoll.
The gnoll is heavily wounded.
The gnoll hits you with a +0 club. The gnoll hits you with a +0 whip.
* * * LOW HITPOINT WARNING * * *
You hit the gnoll.
The gnoll is almost dead.
The gnoll hits you but does no damage. The gnoll misses you.
You barely miss the gnoll. You headbutt the gnoll.
You kill the gnoll!
Trog accepts your kill. The gnoll hits you with a +0 whip.
* * * LOW HITPOINT WARNING * * *
You barely miss the gnoll. The gnoll barely misses you.
The gnoll hits you with a +0 club.
You die...

##########
#.@g.....#
##g#####.#
#.# #.#
#.#####
#.....#
#####.#
#.#.#
#.#.#


You could see 2 gnolls.

Vanquished Creatures
  A gnoll (D:2)
  An adder (D:2)
  3 dart slugs
  4 bats
  4 endoplasms (D:1)
  3 goblins
  3 hobgoblins
  2 jackals (D:1)
  2 quokkas
  3 ball pythons
  2 frilled lizards (D:2)
  2 kobolds (D:1)
  2 rats (D:1)
  2 bushes (D:2)
34 creatures vanquished.

Vanquished Creatures (others)
  2 plants (D:2)
2 creatures vanquished.

Grand Total: 36 creatures vanquished

Notes
Turn   | Place    | Note
-------+----------+-------------------------------------------
     0 | D:1      | jessy the Demonspawn Berserker began the quest for the Orb.
     0 | D:1      | Reached XP level 1. HP: 18/18 MP: 1/1
   395 | D:1      | Gained mutation: You sometimes gain a little power by
                  | taking damage. [demonic ancestry]
   395 | D:1      | Reached XP level 2. HP: 19/24 MP: 2/2
  1007 | D:1      | Gained mutation: You have a pair of small horns on your
                  | head. [demonic ancestry]
  1007 | D:1      | Reached XP level 3. HP: 29/29 MP: 3/3
  1272 | D:2      | Reached ** piety under Trog
  1772 | D:2      | Found a sacrificial altar of Ru.
  1966 | D:2      | Upgraded the game from 0.27.1-4-g1640c2035a to
                  | 0.27.1-15-g792fb953b9
  2032 | D:2      | HP: 1/29 [gnoll (4)]
  2033 | D:2      | Slain by a gnoll

Illustrated notes

Levels and vault maps discovered:
D:1:      shiori_shiawase, layout_basic
D:2:      layout_basic, serial_forest, infiniplex_forest_clump_diagonal,
          infiniplex_forest_end_1, infiniplex_forest_lined_room_3,
          infiniplex_forest_end_1, infiniplex_forest_lined_2,
          infiniplex_forest_corner_1, basic_altar, dk_vineyard_2

Skill      XL: |  1  2  3 |
---------------+----------+-----
Maces & Flails | 3 |  3.4
Armour         | 2 |  2.2
Dodging        | 2 |  2.0
Fighting       | |  3.4
Polearms       | |  0.3
Stealth        | |  0.2

Action                   || total
-------------------------++-------
Melee: Mace              ||   254
       Headbutt          ||    68
       Trident           ||    32
  Use: Scroll            ||     1
Armor: Ring mail         ||    71
       Scale mail        ||     1
Dodge: Dodged            ||   102
